 Dungeon Crawl Stone Soup version 0.30-a0-883-g5ad918d77d (webtiles) character file.

Game seed: 2646283100568960882

39646 Demosthentine the Fighter (level 13, -25/108 HPs)
             Began as a Demonspawn Gladiator on Mar 15, 2023.
             Was an Initiate of Gozag.
             Annihilated by a white very ugly thing (50 damage)
             ... on level 2 of the Abyss.
             The game lasted 00:23:42 (15215 turns).

Demosthentine the Fighter (Demonspawn Gladiator)   Turns: 15215, Time: 00:23:43

Health: -25/108    AC: 15    Str: 16    XL:     13   Next: 70%
Magic:  13/13      EV: 18    Int: 11    God:    Gozag
Gold:   3493       SH:  4    Dex: 17    Spells: 12/12 levels left

rFire   . . .      SeeInvis +    F - +1 demon trident (elec)
rCold   . . .      Faith    .    (no shield)
rNeg    + . .      Spirit   .    g - +0 troll leather armour {Pargi}
rPois   .          Reflect  .    c - +1 helmet
rElec   .          Rampage  .    D - +2 cloak
rCorr   .                        E - +0 pair of gloves
Will    .....                    (no boots)
Stlth   +                        (no amulet)
HPRegen 1.18/turn                r - ring of positive energy
MPRegen 0.13/turn                w - ring of see invisible

@: about to teleport
A: slimy green scales 2, demonic guardian 2, condensation shield, weakness
stinger 1
a: Renounce Religion, Potion Petition, Call Merchant, Bribe Branch


You were on level 2 of the Abyss.
You worshipped Gozag.
Gozag was most pleased with you.
You visited 2 branches of the dungeon, and saw 15 of its levels.
You visited the Abyss 2 times.
You also visited: Sewer.

You collected 3647 gold pieces.
You paid 154 gold pieces to Gozag.

Inventory:

Hand Weapons
 F - a +1 demon trident of electrocution (weapon)
Missiles
 e - 7 javelins
Armour
 c - a +1 helmet (worn)
 g - a +0 troll leather armour (worn) {Pargi}
 x - the +1 leather armour of Loss {rC+ Int+2 Dex+2}
   (You found it on level 10 of the Dungeon)

   Int:       It affects your intelligence (+2).
   Dex:       It affects your dexterity (+2).
   rC:        It protects you from cold.
 D - a +2 cloak (worn)
 E - a +0 pair of gloves (worn)
Jewellery
 r - a ring of positive energy (left hand)
 w - a ring of see invisible (right hand)
 H - a ring of resist corrosion
Wands
 s - a wand of roots (9) (quivered)
 t - a wand of light (12)
 u - a wand of paralysis (5)
 A - a wand of flame (3)
Scrolls
 a - 2 scrolls of identify
 d - a scroll of amnesia
 f - 5 scrolls of enchant armour
 k - 3 scrolls of enchant weapon
 l - 3 scrolls of fear
 n - 2 scrolls of teleportation
 y - 3 scrolls of blinking
 C - 2 scrolls of magic mapping
 G - 2 scrolls of silence
Potions
 b - 2 potions of invisibility
 h - 4 potions of might
 i - 3 potions of mutation
 j - 2 potions of curing
 m - a potion of ambrosia
 o - a potion of cancellation
 p - 2 potions of brilliance
 q - a potion of attraction
 v - 2 potions of haste
 z - a potion of lignification
 B - 2 potions of magic


   Skills:
 + Level 12.3 Fighting
 + Level 11.5 Polearms
 - Level 1.7 Throwing
 - Level 7.1 Armour
 + Level 11.5 Dodging
 + Level 9.3 Evocations


You had 12 spell levels left.
You didn't know any spells.
Your spell library contained the following spells:

 Spells                   Type           Power      Damage    Failure   Level
 Apportation              Tloc           0%         N/A       38%         1
 Ensorcelled Hibernation  Hex/Ice        0%         N/A       54%         2
 Passwall                 Tmut/Erth      0%         N/A       54%         2
 Spider Form              Tmut/Pois      0%         N/A       77%         3
 Swiftness                Air            0%         N/A       77%         3
 Anguish                  Hex/Necr       0%         N/A       99%         4
 Alistair's Intoxication  Tmut/Pois      0%         N/A       100%        5


Dungeon Overview and Level Annotations

Branches:
Dungeon (14/15)            Temple (1/1) D:4            Lair (0/5) D:8
    Orc (0/2) D:12         Vaults (0/5) D:13          Sewer (visited)

Altars:
Ashenzari
Cheibriados
Dithmenos
Fedhas
Gozag
Hepliaklqana
Kikubaaqudgha
Makhleb
Nemelex Xobeh
Okawaru
Qazlal
Ru
Sif Muna
Trog
Uskayaw
Vehumet
Wu Jian
Xom
Yredelemnul

Shops:
D:9 :   D:11 (


Innate Abilities, Weirdness & Mutations

You are mostly covered in slimy green scales. (AC +3)
A demonic guardian rushes to your aid.
A meltable shield of frost defends you. (SH +4)
You have a small tail.


Message History

The golden eye blinks at you.
You are confused.
The eye of devastation gazes at you. The bolt of energy hits you!!
The golden eye blinks at you. You resist with some effort.
You're too confused to move!
Unknown command.
The eye of devastation gazes at you. The bolt of energy hits you!!
You bump into the stone wall.
The ophan calls forth blessed flames!
Blessed fire suddenly surrounds you!
You bump into the stone wall.
You feel less confused.
As you open the large door, it creaks loudly!
You hear a horrible gurgling sound!
A white very ugly thing comes into view.
Unknown command.
As you read the scroll of teleportation, it crumbles to dust.
You feel strangely unstable.
You feel the power of the Abyss delaying your translocation!
Unknown command.
There is a large open door here.
Unknown command.
Unknown command.
The white very ugly thing closely misses you.
The eye of devastation is engulfed in blessed fire.
The eye of devastation gazes at you. The bolt of energy misses you.
Unknown command.
The white very ugly thing bites you. The white very ugly thing freezes you!!
A demonic guardian appears!
Unknown command.
Your sun demon misses the white very ugly thing.
The white very ugly thing bites you!!
* * * LOW HITPOINT WARNING * * *
The white very ugly thing freezes you!!!
You die...
Your body crumbles into a pile of gold.

. .. ... ##...
#...# ######...# .
#...@.# ##.
#.3u#.#
#|#G#######...###
##G##...§§'.#.##
.###....§G'.#.#
.......########...
......##. #.#.
#...###. # ##
#####. ##


You could see a white very ugly thing (ally target), an eye of devastation and a
friendly sun demon (summoned).

Vanquished Creatures
  Kirke (D:12)
  A black draconian (Abyss:2)
  A green death (Abyss:2)
  Josephine (D:13)
  6 vault guards
  3 boulder beetles
  A two-headed ogre (D:10)
  A thrashing horror (Abyss:2)
  A wretched star (Abyss:2)
  2 sixfirhies (Abyss:2)
  A wizard (D:14)
  2 deep elf pyromancers
  7 ugly things
  A worldbinder (Abyss:2)
  A manticore (D:14)
  A salamander (shapeshifter) (D:14)
  A cyclops (D:13)
  2 smoke demons (Abyss:2)
  2 gargoyles
  3 orange demons (D:13)
  2 unseen horrors
  Psyche (D:11)
  A freezing wraith (D:14)
  A komodo dragon (D:8)
  A red devil (D:13)
  4 trolls
  9 slime creatures
  A centaur simulacrum (D:14)
  4 wraiths (D:13)
  4 large abominations (Abyss:2)
  15 yaks
  A vampire (D:12)
  2 basilisks (D:8)
  2 wyverns
  3 starcursed masses (Abyss:2)
  A hog (D:12)
  2 steam dragons
  Edmund (D:6)
  2 acid dragons
  2 water moccasins
  An orc warrior (D:10)
  2 ice beasts
  2 black bears
  3 boggarts (D:14)
  4 centaurs
  A phantom (D:5)
  2 kobold brigands
  5 bullfrogs
  2 scorpions (D:5)
  2 wights (D:7)
  6 killer bees
  4 howler monkeys
  2 hounds
  A quasit (Abyss:2)
  2 jellies
  5 orc priests
  A gnoll bouda (D:7)
  7 iguanas
  10 orc wizards
  5 gnolls (D:7)
  7 adders
  2 river rats (D:5)
  2 shadow imps
  2 ufetubi
  2 worms
  A dart slug (D:5)
  34 orcs
  5 endoplasms
  3 giant cockroaches
  7 goblins
  2 hobgoblins
  4 jackals (D:1)
  4 quokkas
  7 ball pythons
  A bat (D:1)
  5 frilled lizards
  10 kobolds
  9 rats
  A lurking horror (Abyss:2)
273 creatures vanquished.

Vanquished Creatures (collateral kills)
  A vault guard (D:12)
  A boulder beetle (D:13)
  3 centaur warriors (D:13)
  A wretched star (Abyss:2)
  Pikel (D:7)
  The ghost of TheSexyCheese the Ducker, a novice DsGl (D:7)
  A komodo dragon (D:8)
  2 trolls (D:11)
  A red devil (D:13)
  A large abomination (Abyss:2)
  A slime creature (D:13)
  3 yaks (D:9)
  A hog (D:12)
  A steam dragon (D:9)
  4 orc warriors
  Pargi (Sewer)
  An ice beast (D:6)
  6 centaurs
  2 wights (D:7)
  A killer bee (D:8)
  A quasit (Abyss:2)
  4 orc priests
  A jelly (D:8)
  An iguana (D:5)
  2 orc wizards
  An adder (D:2)
  A worm (D:2)
  4 orcs
  A kobold (D:2)
50 creatures vanquished.

Vanquished Creatures (others)
  A flying skull (Abyss:2)
  A human (D:12)
  A small abomination (Abyss:2)
3 creatures vanquished.

Grand Total: 326 creatures vanquished

Notes
Turn   | Place    | Note
-------+----------+-------------------------------------------
     0 | D:1      | Demosthentine the Demonspawn Gladiator began the quest for
                  | the Orb.
     0 | D:1      | Reached XP level 1. HP: 16/16 MP: 1/1
   320 | D:1      | Gained mutation: A weak demonic guardian rushes to your
                  | aid. [demonic ancestry]
   320 | D:1      | Reached XP level 2. HP: 22/22 MP: 2/2
   725 | D:1      | Reached skill level 1 in Armour
   931 | D:2      | Reached XP level 3. HP: 14/28 MP: 3/3
  1252 | D:2      | Found a faded altar of an unknown god.
  1815 | D:3      | Found an opulent altar of Gozag.
  1816 | D:3      | Found an opulent altar of Gozag.
  1822 | D:3      | Found an opulent altar of Gozag.
  1839 | D:3      | Found an opulent altar of Gozag.
  2127 | D:3      | Reached XP level 4. HP: 11/34 MP: 4/4
  2851 | D:4      | Paralysed by an orc for 2 turns
  2852 | D:4      | Reached skill level 3 in Fighting
  2864 | D:4      | Paralysed by an orc for 5 turns
  2996 | D:4      | Reached XP level 5. HP: 34/41 MP: 5/5
  3277 | D:4      | Found a staircase to the Ecumenical Temple.
  3514 | Temple   | Entered the Ecumenical Temple
  3740 | D:4      | Identified a scroll of acquirement
  3740 | D:4      | Acquired 755 gold pieces
  3799 | D:5      | Entered Level 5 of the Dungeon
  3829 | D:5      | Found an ancient bone altar of Kikubaaqudgha.
  3903 | D:5      | Reached XP level 6. HP: 35/47 MP: 6/6
  3918 | D:5      | Found a glowing drain.
  3954 | Sewer    | Entered a sewer
  4029 | Sewer    | Noticed Pargi
  4049 | Sewer    | Killed Pargi
  4392 | D:5      | Reached skill level 4 in Fighting
  4483 | D:5      | Noticed a water moccasin
  4492 | D:5      | Killed a water moccasin
  4493 | D:5      | Gained mutation: A demonic guardian rushes to your aid.
                  | [demonic ancestry]
  4493 | D:5      | Reached XP level 7. HP: 41/54 MP: 7/7
  4687 | D:5      | HP: 2/55 [iguana (4)]
  4818 | D:5      | Found a bloodstained altar of Trog.
  4907 | D:6      | Noticed a wyvern
  4918 | D:6      | Killed a wyvern
  4919 | D:6      | Reached skill level 5 in Fighting
  4919 | D:6      | Reached skill level 5 in Polearms
  4919 | D:6      | Reached skill level 5 in Dodging
  4919 | D:6      | Gained mutation: You have a small tail. [demonic ancestry]
  4919 | D:6      | Reached XP level 8. HP: 10/62 MP: 8/8
  5172 | D:6      | Noticed Edmund
  5184 | D:6      | Killed Edmund
  5319 | D:6      | Reached skill level 5 in Armour
  5526 | D:3      | Became a worshipper of Gozag Ym Sagoz the Greedy
  5596 | D:7      | Reached skill level 6 in Fighting
  5695 | D:7      | Identified the +1 robe of the True Pharaoh {-Tele Rampage
                  | Int+3 Dex+3 Stlth+}
  5707 | D:7      | Noticed Pikel
  5721 | D:7      | Killed Pikel
  5722 | D:7      | Gained mutation: You are partially covered in slimy green
                  | scales. (AC +2) [demonic ancestry]
  5722 | D:7      | Reached XP level 9. HP: 50/71 MP: 9/9
  5763 | D:7      | Found a runed translucent door.
  5763 | D:7      | Noticed a boulder beetle
  6361 | D:7      | Noticed TheSexyCheese's ghost (novice DsGl)
  6404 | D:7      | Killed a boulder beetle
  6405 | D:7      | Reached skill level 7 in Fighting
  6409 | D:7      | Killed TheSexyCheese's ghost
  6509 | D:8      | Reached XP level 10. HP: 59/79 MP: 10/10
  6773 | D:8      | Found a staircase to the Lair.
  6978 | D:8      | Found a sparkling altar of Nemelex Xobeh.
  7171 | D:8      | Reached skill level 8 in Fighting
  7674 | D:9      | Found Votabb's Book Shop.
  7780 | D:9      | Noticed a boulder beetle
  7832 | D:9      | Killed a boulder beetle
  7833 | D:9      | Reached skill level 1 in Evocations
  8010 | D:9      | Gained mutation: A meltable shield of frost defends you.
                  | (SH +4) [demonic ancestry]
  8010 | D:9      | Reached XP level 11. HP: 47/87 MP: 11/11
  8721 | D:10     | Entered Level 10 of the Dungeon
  8904 | D:10     | Reached skill level 9 in Fighting
  8933 | D:10     | Found a hazy altar of Hepliaklqana.
  9052 | D:10     | Found an ornate altar of the Wu Jian Council.
  9092 | D:10     | Found a broken altar of Ashenzari.
  9277 | D:10     | Identified the +1 leather armour of Loss {rC+ Int+2 Dex+2}
  9277 | D:10     | Noticed a two-headed ogre
  9289 | D:10     | Killed a two-headed ogre
  9937 | D:11     | Noticed Psyche
  9948 | D:11     | Killed Psyche
 10131 | D:11     | Found Dohooll's Weapon Emporium.
 10742 | D:12     | Found a staircase to the Orcish Mines.
 10980 | D:12     | Noticed Kirke
 11000 | D:12     | Reached skill level 5 in Evocations
 11019 | D:12     | Killed Kirke
 11231 | D:12     | Reached skill level 10 in Fighting
 11564 | D:13     | Noticed a centaur warrior
 11573 | D:13     | Killed a centaur warrior
 11574 | D:13     | Reached XP level 12. HP: 78/97 MP: 12/12
 11605 | D:13     | Noticed a centaur warrior
 11625 | D:13     | Killed a centaur warrior
 11978 | D:13     | Noticed a centaur warrior
 12013 | D:13     | Noticed a vault guard
 12014 | D:13     | Killed a centaur warrior
 12020 | D:13     | Noticed Josephine
 12127 | D:13     | Noticed a vault guard
 12131 | D:13     | Noticed a vault guard
 12159 | D:12     | Killed a vault guard
 12160 | D:12     | Reached skill level 10 in Polearms
 12160 | D:12     | Reached skill level 10 in Dodging
 12219 | D:13     | Killed a vault guard
 12287 | D:13     | Noticed a vault guard
 12353 | D:12     | Killed a vault guard
 12794 | D:13     | Noticed a boulder beetle
 12801 | D:13     | Reached skill level 11 in Fighting
 12809 | D:13     | Killed a boulder beetle
 12941 | D:13     | Killed Josephine
 13041 | D:13     | Noticed a vault guard
 13088 | D:13     | HP: 4/100 [enormous slime creature (14)]
 13284 | D:13     | Killed a vault guard
 13341 | D:13     | Noticed a vault guard
 13357 | D:13     | Killed a vault guard
 13395 | D:13     | Noticed a vault guard
 13413 | D:13     | Killed a vault guard
 13424 | D:13     | Gained mutation: You are mostly covered in slimy green
                  | scales. (AC +3) [demonic ancestry]
 13424 | D:13     | Reached XP level 13. HP: 51/106 MP: 13/13
 13485 | D:13     | Found a gate to the Vaults.
 14025 | Abyss:2  | Cast into level 2 of the Abyss (a wizard)
 14036 | Abyss:2  | Noticed a green death
 14054 | Abyss:2  | Found a corrupted altar of Lugonu.
 14072 | Abyss:2  | Killed a green death
 14244 | Abyss:2  | Noticed a starcursed mass
 14502 | Abyss:2  | Noticed a tentacled starspawn
 14531 | Abyss:2  | Noticed a black draconian
 14551 | Abyss:2  | Killed a black draconian
 14563 | Abyss:2  | HP: 5/107 [rock wall collision (8)]
 14721 | Abyss:2  | Reached skill level 12 in Fighting
 14723 | D:14     | Escaped the Abyss
 14787 | D:14     | Found a radiant altar of Vehumet.
 15199 | Abyss:2  | Cast into level 2 of the Abyss (a wizard)
 15201 | Abyss:2  | Noticed an ophan
 15209 | Abyss:2  | Noticed a white very ugly thing
 15215 | Abyss:2  | Annihilated by a white very ugly thing

Illustrated notes

Levels and vault maps discovered:
D:1:      scummos_arrival_simple_crosswalls, layout_loops_ring,
          hangedman_decor_opposing
D:2:      layout_basic, basic_ecumenical_altar
D:3:      layout_loops_ring, nicolae_gozag_conspicuous_consumption, st_stairs_1
D:4:      layout_basic, minmay_temple_entry_statues_pillars, minmay_liquid_box
D:5:      layout_basic, nicolae_kikubaaqudgha_miasma_corner,
          trog_butcher_becter, portal_sewer_entry_a
D:6:      layout_basic, elyvilon_altar_5, uniq_edmund
D:7:      layout_gridville, ebering_ghost_inner_flame, uniq_pikel
D:8:      layout_basic, mainiacjoe_overflow_catwalk, erik_lair_dragon
D:9:      layout_irregular_city, serial_shops, nicolae_square_shop,
          chequers_arboretum
D:10:     layout_roguey, mainiacjoe_overflow_alcove_4,
          nicolae_ashenzari_panopticon, pdpol_wu_jian_five_deadly_venoms,
          minmay_fountain_box, serial_park_tiny_1
D:11:     layout_stronghold, serial_shops, nicolae_shop_behind_doors,
          kennysheep_cross_room, uniq_psyche
D:12:     layout_cross, minmay_orc_entry_temple_small, uniq_kirke
D:13:     layout_gridville, erik_vaults_2, minmay_beelzebubs_servants,
          uniq_josephine
D:14:     layout_roguey, nicolae_vehumet_altar_sigil
Temple:   nicolae_temple_two_arcs
Abyss:2:  base: D:8, evilmike_abyss_exit_glass, minivault_23, minivault_23,
          evilmike_abyss_exit_8, hangedman_decor_points, base: D:7,
          hangedman_eye_storm

Skill      XL: |  1  2  3  4  5  6  7  8  9 10 11 12 13 |
---------------+----------------------------------------+-----
Armour         | 1 2 3 4 5 6 7 |  7.1
Polearms       | 3 4 5 6 7 8 9 10 11 | 11.5
Dodging        | 3 4 5 6 7 8 9 10 11 | 11.5
Fighting       | 3 4 5 6 7 8 10 11 12 | 12.3
Evocations     | 2 5 7 9 |  9.3
Throwing       | |  1.7

Action                     |  1- 3 |  4- 6 |  7- 9 | 10-12 | 13-15 || total
---------------------------+-------+-------+-------+-------+-------++-------
  Melee: Trident           |   133 |   189 |   258 |   840 |       ||  1420
         Punch             |     1 |     2 |     5 |    14 |     4 ||    26
         Tailslap          |       |       |    28 |   186 |    45 ||   259
         Demon trident     |       |       |       |   146 |   285 ||   431
  Throw: Throwing net      |       |     4 |       |     4 |       ||     8
  Evoke: Wand              |       |       |       |    19 |     1 ||    20
    Use: Scroll            |     6 |     5 |     5 |     7 |     6 ||    29
         Potion            |       |     2 |     7 |     6 |     3 ||    18
   Stab: Sleeping          |     2 |       |       |     1 |       ||     3
         Held in net/web   |       |     2 |       |     1 |       ||     3
         Distracted        |       |     1 |     3 |    13 |     2 ||    19
         Invisible         |       |       |       |    11 |     3 ||    14
 Armour: Leather armour    |    31 |    38 |       |       |       ||    69
         Troll leather arm |       |    18 |    79 |   171 |    48 ||   316
  Dodge: Dodged            |    74 |    91 |   198 |   527 |   107 ||   997
  Block: Other             |       |       |       |   109 |    20 ||   129

Table legend: (Time is in decaauts)
 A = Elapsed time spent in this place.
 B = Non-inter-level travel time spent in this place.
 C = Inter-level travel time spent in this place.
 D = Time resting spent in this place.
 E = Time spent auto-exploring this place.
 F = Levels seen in this place.
 G = Mean time per level.
                   A        B        C        D        E       F      G
               +--------+--------+--------+--------+--------+-----+--------+
         Total |  15109 |  14565 |    544 |   1078 |   9991 |  18 |  839.4 |
       Dungeon |  13864 |  13321 |    543 |    758 |   9590 |  14 |  990.3 |
        Temple |    221 |    221 |      0 |    100 |    104 |   1 |  221.0 |
         Abyss |    686 |    686 |      0 |    116 |    167 |   2 |  343.0 |
         Sewer |    336 |    336 |      0 |    104 |    130 |   1 |  336.0 |
               +--------+--------+--------+--------+--------+-----+--------+

Top non-repeatable levels by time:
    D:13: 1721 daAuts
     D:8: 1135 daAuts
     D:9: 1121 daAuts
     D:4: 1106 daAuts
    D:10: 1054 daAuts
    D:11: 1007 daAuts
    D:12: 947 daAuts
    D:14: 940 daAuts
     D:1: 904 daAuts
     D:5: 846 daAuts
     D:2: 841 daAuts
     D:7: 831 daAuts
     D:3: 826 daAuts
 Abyss:2: 686 daAuts
     D:6: 580 daAuts
